 Dungeon Crawl Stone Soup version 0.31-a0-1-g4198be8af4 (webtiles) character file.

Game seed: 16494247793167340099

46 BubbleThief the Insei (level 3, -4/27 HPs)
             Began as a Merfolk Transmuter on May 1, 2023.
             Slain by Terence
             ... wielding a +0 flail of pain
              (6 damage)
             ... on level 2 of the Dungeon.
             The game lasted 00:02:30 (1239 turns).

BubbleThief the Insei (Merfolk Transmuter)          Turns: 1239, Time: 00:02:30

Health: -4/27      AC:  2    Str: 12    XL:     3   Next: 68%
Magic:  1/6        EV: 13    Int: 12    God:
Gold:   96         SH:  0    Dex: 14    Spells: 3/6 levels left

rFire   . .          .
                       - Unarmed
rCold   . . .        (no shield)
rNeg    . . .        a - +0 robe
rPois   .            (helmet currently unavailable)
rElec   .            (no cloak)
rCorr   .            (no gloves)
SInv    .            k - melded +0 pair of boots
Will    .....        (no amulet)
Stlth   +            (no ring)
HPRegen 0.24/turn    (no ring)
MPRegen 0.10/turn

%: no passive effects
@: appendages, wereblooded, very slightly contaminated
A: horns 2, (nimble swimmer 2), mertail
a: End Transformation


You were on level 2 of the Dungeon.
You had temporarily grown beastly horns.
You visited 1 branch of the dungeon, and saw 2 of its levels.

You collected 96 gold pieces.

Inventory:

Missiles
 e - 2 throwing nets
Armour
 a - a +0 robe (worn)
 k - a +0 pair of boots (melded)
Scrolls
 d - a scroll of silence {unknown}
 f - a scroll of noise {unknown}
 g - a scroll of enchant armour {unknown}
 h - a scroll of enchant weapon {unknown}
 l - a scroll of poison {unknown}
 m - a scroll of identify {unknown}
 n - a scroll of summoning {unknown}
Potions
 b - a potion of lignification
 c - a potion of might {unknown}
 i - a potion of berserk rage {unknown}
 j - 2 potions of curing {unknown}


   Skills:
 + Level 2.0 Fighting
 + Level 3.4 Dodging
 + Level 3.7 Unarmed Combat
 - Level 2.0 Spellcasting
 + Level 3.5 Transmutations


You had 3 spell levels left.
You knew the following spells:

 Your Spells              Type           Power      Damage    Failure   Level
a - Beastly Appendage     Tmut           18%        N/A       6%          1
b - Wereblood             Tmut           9%         N/A       10%         2

Your spell library contained the following spells:

 Spells                   Type           Power      Damage    Failure   Level
 Apportation              Tloc           2%         N/A       26%         1
 Necrotise                Necr           4%         1d4       26%         1
 Summon Small Mammal      Summ           4%         N/A       26%         1
 Spider Form              Tmut/Pois      5%         N/A       36%         3
 Ice Form                 Ice/Tmut       5%         N/A       78%         4


Dungeon Overview and Level Annotations

Branches:
Dungeon (2/15)

Altars:

Annotations:
D:2 Terence


Innate Abilities, Weirdness & Mutations

You have temporarily grown beastly horns.
((You are very nimble when in or above water. (Stealth+, EV+, Speed+++)))
Your lower body shifts to a powerful aquatic tail in water.


Message History

You aren't carrying any items that you can evoke.
A kobold comes into view. It is wielding a +0 whip.
There is an escape hatch in the ceiling here.
There is an escape hatch in the ceiling here.
Casting: Beastly Appendage (safe; 6% risk of failure)
Confirm with . or Enter, or press ? or * to list all spells.
You miscast Wereblood.
You are very lightly contaminated with residual magic.
Nothing appears to happen.
Casting: Wereblood (safe; 10% risk of failure)
Confirm with . or Enter, or press ? or * to list all spells.
You grow a pair of large bovine horns.
Your +0 pair of boots melds into your body.
Terence throws a stone.
The stone hits you.
Casting: Beastly Appendage (safe; 6% risk of failure)
Confirm with . or Enter, or press ? or * to list all spells.
Your blood is infused with primal strength.
You hit Terence but do no damage. Your headbutt misses Terence.
Terence hits you with a +0 flail of pain!
You hit Terence.
Terence is lightly wounded.
You barely miss Terence.
Terence is lightly wounded.
Terence hits you with a +0 flail of pain!
* * * LOW HITPOINT WARNING * * *
You writhe in agony.
* * * LOW HITPOINT WARNING * * *
You hit Terence. You punch Terence, but do no damage.
Terence is lightly wounded.
Terence closely misses you.
You hit Terence. You headbutt Terence.
Terence is heavily wounded.
Terence hits you with a +0 flail of pain.
* * * LOW HITPOINT WARNING * * *
You writhe in agony.
* * * LOW HITPOINT WARNING * * *
You hit Terence but do no damage. You punch Terence, but do no damage.
Terence is heavily wounded.
Terence hits you with a +0 flail of pain.
You die...

# #........#
##.##########.#
........#####.#
#............#
#.####.#####.#
#.# #.# #.# #.#
#.####.## #.#
#.......# #@#
######..# #@#
#######..####.#
#.............#
#.#####.@######
#.# #..#
.###.#####..#
............#
......@...[.#


You could see Terence.

Vanquished Creatures
  An adder (D:2)
  A dart slug (D:2)
  9 ball pythons
  3 bats
  2 endoplasms (D:1)
  A giant cockroach (D:1)
  4 goblins (D:1)
  2 hobgoblins (D:1)
  2 quokkas
  3 frilled lizards
  2 kobolds (D:1)
  4 rats (D:1)
34 creatures vanquished.

Notes
Turn   | Place    | Note
-------+----------+-------------------------------------------
     0 | D:1      | BubbleThief the Merfolk Transmuter began the quest for the
                  | Orb.
     0 | D:1      | Reached XP level 1. HP: 15/15 MP: 3/3
   135 | D:1      | Reached XP level 2. HP: 17/21 MP: 3/5
   199 | D:1      | Learned a level 2 spell: Wereblood
   463 | D:1      | Reached XP level 3. HP: 27/27 MP: 4/6
   717 | D:2      | Noticed Terence
  1239 | D:2      | Slain by Terence

Illustrated notes

Levels and vault maps discovered:
D:1:      nicolae_arrival_memento_mori, layout_rooms, minmay_indecisive_spiral
D:2:      layout_loops_ring, uniq_terence

Skill      XL: |  1  2  3 |
---------------+----------+-----
Dodging        | 3 |  3.4
Transmutations | 3 |  3.5
Fighting       | 2 |  2.0
Unarmed Combat | |  3.7
Spellcasting   | |  2.0

Action                     || total
---------------------------++-------
  Melee: Unarmed           ||   106
         Headbutt          ||    13
         Punch             ||     4
   Cast: Beastly Appendage ||    21
         Wereblood         ||     1
 Armour: Robe              ||    17
  Dodge: Dodged            ||    68

Table legend: (Time is in decaauts)
 A = Elapsed time spent in this place.
 B = Non-inter-level travel time spent in this place.
 C = Inter-level travel time spent in this place.
 D = Time resting spent in this place.
 E = Time spent auto-exploring this place.
 F = Levels seen in this place.
 G = Mean time per level.
                   A        B        C        D        E       F      G
               +--------+--------+--------+--------+--------+-----+--------+
         Total |   1232 |   1212 |     20 |      0 |    930 |   2 |  616.0 |
       Dungeon |   1232 |   1212 |     20 |      0 |    930 |   2 |  616.0 |
               +--------+--------+--------+--------+--------+-----+--------+

Top non-repeatable levels by time:
     D:1: 695 daAuts
     D:2: 536 daAuts
